 Dungeon Crawl Stone Soup version 0.29.1-13-g9f3cf754e1 (webtiles) character file.

Game seed: 10780598342627432003

187 KittyFluff the Trooper (level 5, 0/49 HPs)
             Began as a Gargoyle Berserker on Jan 30, 2023.
             Was a Believer of Trog.
             Slain by a goblin
             ... wielding a +0 club
             ... led by Robin
              (6 damage)
             ... on level 3 of the Dungeon.
             The game lasted 00:10:50 (2966 turns).

KittyFluff the Trooper (Gargoyle Berserker)         Turns: 2966, Time: 00:10:53

Health: 0/49       AC:  6    Str: 21    XL:     5   Next: 66%
Magic:  5/5        EV: 12    Int:  7    God:    Trog [**....]
Gold:   260        SH:  0    Dex: 11    Spells: 4/4 levels left

rFire   . . .      SeeInvis .   a - +0 mace
rCold   . . .      Faith    .   (no shield)
rNeg    + . .      Spirit   .   b - +0 animal skin
rPois   ∞          Reflect  .   (no helmet)
rElec   +          Harm     .   (no cloak)
rCorr   .          Rampage  .   (no gloves)
Will    .....                   (no boots)
Stlth   ..........              (no amulet)
HPRegen 0.16/turn               (no ring)
MPRegen 0.09/turn               (no ring)

@: berserking, very quick
A: sickness immunity, AC +4, negative energy resistance 1, electricity
resistance, torment resistance 1, petrification resistance
a: Renounce Religion, Berserk, Trog's Hand


You were on level 3 of the Dungeon.
You worshipped Trog.
Trog was pleased with you.
You visited 1 branch of the dungeon, and saw 3 of its levels.

You collected 260 gold pieces.

Inventory:

Hand Weapons
 a - a +0 mace (weapon)
 h - a +0 flail
Missiles
 c - 28 stones (quivered)
 s - 4 poisoned darts
Armour
 b - a +0 animal skin (worn)
 r - a +0 ring mail
Wands
 q - a wand of acid (13)
Scrolls
 d - a scroll of amnesia {unknown}
 e - a scroll of immolation {unknown}
 g - a scroll of magic mapping {unknown}
 l - 2 scrolls of vulnerability {unknown}
Potions
 f - 2 potions of curing
 i - a potion of mutation
 j - a potion of might
 k - a potion of resistance {unknown}
 m - a potion of heal wounds {unknown}
 n - a potion of degeneration {unknown}
 o - a potion of attraction {unknown}
 p - a potion of haste {unknown}


   Skills:
 + Level 4.3 Fighting
 + Level 4.3 Maces & Flails
 * Level 3.4 Armour
 + Level 2.3 Dodging
 + Level 1.1 Stealth


You had 4 spell levels left.
You didn't know any spells.
Your spell library was empty.

Dungeon Overview and Level Annotations

Branches:
Dungeon (3/15)

Altars:
Elyvilon

Annotations:
D:3 Robin


Innate Abilities, Weirdness & Mutations

You are immune to sickness and miasma.
Your stone body is resilient. (AC +4)
You are immune to poison.
You resist negative energy. (rN+)
You are resistant to electric shocks. (rElec)
You are resistant to unholy torment.
You are immune to petrification.


Message History

The goblin barely misses you. The goblin hits you with a +0 dagger.
The goblin attacks as you move away! The goblin closely misses you. x2
Robin throws the goblin at you! The goblin hits you but does no damage.
A goblin comes into view. It is wielding a +0 club.
The goblin no longer looks unusually strong. x2
The hound stops to sniff the ground.
The hound bites the bush but does no damage. x2
The goblin hits you with a +0 dagger. The goblin barely misses you.
Robin throws the goblin at you!
You closely miss the goblin.
The goblin no longer looks unusually strong.
The goblin barely misses you. The goblin closely misses you.
The goblin hits you with a +0 dagger.
Robin roars a battlecry!
The goblins go into a battle-frenzy!
You closely miss the goblin. The hound closely misses you.
The goblin barely misses you. The goblin hits you with a +0 dagger.
* * * LOW HITPOINT WARNING * * *
The goblin hits you but does no damage.
The gnoll hits the bush with a +0 halberd.
The hound closely misses you.
You hit the goblin.
The goblin is moderately wounded.
The goblin no longer looks unusually strong.
The hound barely misses you.
The goblin hits you but does no damage. x2
The goblin completely misses you. Robin hits you but does no damage.
The hound misses you.
A red film seems to cover your vision as you go berserk!
You feel yourself moving faster!
You feel mighty! The goblin barely misses you. The goblin closely misses you.
Robin throws the goblin at you! The goblin hits you with a +0 club.
* * * LOW HITPOINT WARNING * * *
The goblin hits you but does no damage. The hound barely misses you.
You sock Robin!
Robin is heavily wounded.
The hound closely misses you. The goblin hits you with a +0 club.
* * * LOW HITPOINT WARNING * * *
The goblin closely misses you. The goblin hits you but does no damage.
The goblin hits you with a +0 club.
You die...

#...............'...)..
#...............#######
#...............#
##..............)# #####
#.......#+######## #...#
##.......#.#
###.#.###........#.####
.....>....#....ggg....###
P.PP#####†#####.@<......# ...P##
#.####.ghg.##.#.###
...P.####.......g.....#...#
.....#..........P.P..##.#.#
P.......#...#.###)#####.#.#######
....##).#.....# '.. ###.........#
##...........# ##...#............
##..........## +...###.........#
#####†......#######...........#


You could see a hound, Robin, a gnoll and 4 goblins.

Vanquished Creatures
  A hound (D:3)
  Jessica (D:3)
  Ijyb (D:3)
  Natasha (D:2)
  2 adders
  A worm (D:3)
  3 dart slugs
  An orc (D:3)
  7 endoplasms
  2 giant cockroaches
  8 goblins
  4 hobgoblins
  2 jackals (D:2)
  2 quokkas
  5 ball pythons
  2 bats
  4 frilled lizards
  6 kobolds
  4 rats
57 creatures vanquished.

Vanquished Creatures (others)
  2 fungi (D:3)
  5 plants (D:3)
  5 toadstools (D:3)
12 creatures vanquished.

Grand Total: 69 creatures vanquished

Notes
Turn   | Place    | Note
-------+----------+-------------------------------------------
     0 | D:1      | KittyFluff the Gargoyle Berserker began the quest for the
                  | Orb.
     0 | D:1      | Reached XP level 1. HP: 14/14 MP: 1/1
   350 | D:1      | Found a faded altar of an unknown god.
   412 | D:1      | Reached XP level 2. HP: 19/19 MP: 2/2
   913 | D:2      | Reached ** piety under Trog
   914 | D:2      | Reached XP level 3. HP: 18/24 MP: 3/3
  1677 | D:2      | Noticed Natasha
  1688 | D:2      | Killed Natasha
  1689 | D:2      | Reached XP level 4. HP: 10/29 MP: 4/4
  2379 | D:3      | Noticed Jessica
  2391 | D:3      | Killed Jessica
  2498 | D:3      | Noticed Ijyb
  2523 | D:3      | Killed Ijyb
  2524 | D:3      | Reached XP level 5. HP: 23/33 MP: 5/5
  2764 | D:3      | Reached skill level 1 in Stealth
  2785 | D:3      | Found a white marble altar of Elyvilon.
  2949 | D:3      | Noticed Robin
  2966 | D:3      | Slain by a goblin

Illustrated notes

Levels and vault maps discovered:
D:1:      zelgadis_glass_arrival_small, layout_basic,
          hellmonk_ecumenical_altar_run_dry, hex_large, serial_bayou_crossing
D:2:      layout_basic, uniq_natasha
D:3:      layout_basic, nicolae_elyvilon_temple_path, serial_shops, shop_statue,
          minmay_gold_behind_fungi, nicolae_concentric_dashed_squares_mild,
          kennysheep_nondescript, cheibrodos_gnoll_hut, uniq_crazy_yiuf_cottage,
          uniq_jessica, uniq_ijyb, uniq_robin

Skill      XL: |  1  2  3  4  5 |
---------------+----------------+-----
Fighting       | 4 |  4.3
Armour         | 3 |  3.4
Dodging        | 2 |  2.3
Maces & Flails | 4 |  4.3
Stealth        | 1 |  1.1

Action                   |  1- 3 |  4- 6 || total
-------------------------+-------+-------++-------
Melee: Mace              |    65 |   130 ||   195
       Punch             |       |     1 ||     1
Invok: Berserk           |     1 |     2 ||     3
  Use: Scroll            |     3 |     1 ||     4
Armor: Animal skin       |    17 |    62 ||    79
Dodge: Dodged            |    37 |   112 ||   149
